 Dungeon Crawl Stone Soup version 0.15.2 (webtiles) character file.

501 RedNova the Poker (level 6, -7/57 HPs)
             Began as a Minotaur Berserker on Mar 8, 2015.
             Was an Elder of Trog.
             Splashed by a jelly's acid (12 damage)
             ... on Level 6 of the Dungeon.
             The game lasted 00:38:34 (3683 turns).

RedNova the Poker (Minotaur Berserker)              Turns: 3683, Time: 00:38:34

HP  -7/57        AC  1     Str 21      XL: 6   Next: 95%
MP   0/3         EV  9     Int  4      God: Trog [****..]
Gold 166         SH  0     Dex 12      Spells:  0 memorised,  5 levels left

rFire  . . .     SeeInvis .     y - +0 trident
rCold  . . .     Clarity  .     t - +0 scale mail (curse)
rNeg   . . .     rCorr    .     (no shield)
rPois  +         rRot     .     (helmet restricted)
rElec  .         Spirit   +     (no cloak)
SustAb .         Warding  .     (no gloves)
rMut   .         Stasis   .     (no boots)
Gourm  .                        i - amulet of guardian spirit
MR     .....                    (no ring)
                                B - ring of poison resistance

@: corroded equipment, not resistant to hostile enchantments, extremely
unstealthy
A: retaliatory headbutt, horns 2
a: Burn Spellbooks, Berserk, Trog's Hand, Brothers in Arms, Renounce Religion


You were on level 6 of the Dungeon.
You worshipped Trog.
Trog was greatly pleased with you.
You were not hungry.

You visited 1 branch of the dungeon, and saw 6 of its levels.

You collected 166 gold pieces.

Inventory:

Hand weapons
 a - a +0 spear
 m - a +0 dagger
 p - a +0 short sword
 q - a +0 short sword of venom
 y - a +0 trident (weapon)
 A - a +0 hand axe
 F - a +0 war axe
 G - a +0 flail
 H - a +1 mace of protection
 I - a +0 war axe
Armour
 b - a +0 animal skin
 f - a +0 leather armour
 g - a +0 robe
 l - a +0 centaur barding
 o - a +0 ring mail
 t - a cursed +0 scale mail (worn)
 J - a +0 animal skin
Comestibles
 c - 5 bread rations
 s - a fruit
 w - a royal jelly
 z - a slice of pizza
 E - a beef jerky
 K - a rotting chunk of iguana flesh
 L - 5 chunks of sheep flesh
 M - a meat ration
Scrolls
 h - 4 scrolls of identify {unknown}
 j - 2 scrolls of magic mapping {unknown}
 k - a scroll of amnesia {unknown}
 n - 2 scrolls of remove curse {unknown}
 u - 2 scrolls of enchant armour {unknown}
 C - a scroll of recharging {unknown}
 D - a scroll of noise {unknown}
Jewellery
 i - an amulet of guardian spirit (around neck)
 x - an uncursed amulet of clarity
 B - a ring of poison resistance (left hand)
Potions
 d - a potion of haste
 e - a potion of heal wounds {unknown}
 r - 4 potions of curing
 v - a potion of lignification {unknown}


   Skills:
 + Level 5.9 Fighting
 + Level 6.4 Polearms
 - Level 2.4 Armour
 + Level 4.6 Dodging
 + Level 1.5 Stealth


You had 5 spell levels left.
You didn't know any spells.

Dungeon Overview and Level Annotations

Branches:
Dungeon (6/15)
 Temple: D:4-7

Altars:
Trog

Shops:
D:6 =


Innate Abilities, Weirdness & Mutations

You reflexively headbutt those who attack you in melee.
You have a pair of horns on your head.


Message History

The jelly hits you.
You are splashed with acid!
The acid burns!
You puncture the jelly!
The jelly is severely wounded.
The jelly hits you.
You are splashed with acid!
The acid burns!
* * * LOW HITPOINT WARNING * * *
You hit the jelly.
The jelly is almost dead.
The jelly completely misses you.
You hit the jelly but do no damage.
The jelly is almost dead.
The jelly hits you.
* * * LOW HITPOINT WARNING * * *
You are splashed with acid!
The acid burns!
* * * LOW HITPOINT WARNING * * *
You hit the jelly.
The jelly is almost dead.
The jelly hits you.
* * * LOW HITPOINT WARNING * * *
You are splashed with acid!
The acid burns!
You die...

..# #....+ ##....#
..#....# ## ........+
... ........# ...#
#.....# .#.# #....##+#
####### .#.. #..J@'..#
(...... .'...
#....#..##+###....... .#
......###.......#.......
.##+### ......
#..##...'....... ...)..+
....+ .##..###'##....#+#
......# ...
......##...##+###
.##...#
#########...........+
.##.[.# ##.....#
#..##.......# .##'###
#.########..##...##+##


You could see a jelly.

Vanquished Creatures
  An orc warrior (D:6)
  A scorpion (D:4)
  A hound (D:6)
  An orc priest (D:6)
  2 worker ants (D:4)
  An iguana (D:6)
  2 sheep (D:6)
  A mummy (D:6)
  8 adders
  A shadow imp (D:5)
  2 worms
  4 giant geckos
  An ooze (D:3)
  4 orcs
  10 bats
  A bat zombie (D:6)
  8 goblins
  14 hobgoblins
  5 kobolds
  5 giant cockroaches
  2 giant newts
  7 rats
82 creatures vanquished.

Notes
Turn   | Place    | Note
--------------------------------------------------------------
     0 | D:1      | RedNova, the Minotaur Berserker, began the quest for the Orb.
     0 | D:1      | Reached XP level 1. HP: 19/19 MP: 1/1
   179 | D:1      | Reached skill level 4 in Polearms
   208 | D:1      | Reached XP level 2. HP: 24/27 MP: 1/1
   254 | D:1      | Acquired Trog's second power
   634 | D:3      | Reached XP level 3. HP: 8/33 MP: 2/2
  1685 | D:2      | Reached XP level 4. HP: 28/41 MP: 2/2
  2457 | D:4      | Reached skill level 5 in Polearms
  2457 | D:4      | Reached skill level 1 in Stealth
  2479 | D:4      | Reached XP level 5. HP: 21/47 MP: 1/2
  2956 | D:4      | Reached skill level 5 in Fighting
  3262 | D:4      | Acquired Trog's third power
  3266 | D:5      | Entered Level 5 of the Dungeon
  3349 | D:6      | Found Ynacvuatt's Jewellery Emporium.
  3356 | D:6      | Reached XP level 6. HP: 45/56 MP: 3/3
  3458 | D:6      | Found a bloodstained altar of Trog.
  3460 | D:6      | Noticed an orc warrior
  3470 | D:6      | Killed an orc warrior
  3470 | D:6      | Reached skill level 6 in Polearms
  3683 | D:6      | Splashed by a jelly's acid

Action                   |  1- 3 |  4- 6 || total
-------------------------+-------+-------++-------
Melee: Spear             |    95 |    65 ||   160
       Trident           |       |   106 ||   106
Invok: Berserk           |       |     1 ||     1
  Use: Potion            |     3 |       ||     3
  Eat: Meat ration       |     1 |       ||     1
       Bread ration      |       |     1 ||     1
       Fruit             |       |     1 ||     1
